[Event "Oslo Chess Festival 2017"]
[Site "Oslo"]
[Date "2017.10.05"]
[Round "8"]
[White "Pigott, John C"]
[Black "Vestby-Ellingsen, Mads"]
[Result "1-0"]
[ECO "A25"]
[WhiteElo "2408"]
[BlackElo "2262"]
[Annotator "NA"]
[PlyCount "26"]
[EventDate "2017.??.??"]
[EventType "swiss"]
[EventCountry "NOR"]
[SourceTitle "playchess.com"]
[Source "ChessBase"]
[SourceQuality "1"]
[TimeControl "5400+30"]

1. c4 e5 2. Nc3 Nc6 3. e3 Bb4 4. Nd5 Nf6 5. a3 Bd6 6. Qc2 O-O 7. Nf3 Re8 8. Ng5 g6 9. Nxf6+ Qxf6 10. Ne4 a6 11. Nxd6 cxd6 12. Be2 b6 13. b4 Bb7 1-0

[Event "Oslo Chess Festival 2017"]
[Site "Oslo"]
[Date "2017.10.05"]
[Round "8"]
[White "Vogt, Lothar"]
[Black "Louis, Thibault"]
[Result "1-0"]
[ECO "C00"]
[WhiteElo "2401"]
[BlackElo "2207"]
[Annotator "NA"]
[PlyCount "93"]
[EventDate "2017.??.??"]
[EventType "swiss"]
[EventCountry "NOR"]
[SourceTitle "playchess.com"]
[Source "ChessBase"]
[SourceQuality "1"]
[TimeControl "5400+30"]

1. e4 e6 2. d3 d5 3. Nd2 Nf6 4. Ngf3 b6 5. c3 Be7 6. Qa4+ c6 7. Be2 O-O 8. O-O Ba6 9. e5 Nfd7 10. Re1 f6 11. exf6 Bxf6 12. d4 Bxe2 13. Rxe2 Qe7 14. Nf1 Qd6 15. Bg5 Bxg5 16. Nxg5 e5 17. dxe5 Nxe5 18. f4 Nc4 19. Qc2 Qg6 20. Qxg6 hxg6 21. b3 Nd6 22. Re6 Nb5 23. Rxg6 Rf6 24. Rxf6 gxf6 25. Ne6 Nd7 26. c4 Nc3 27. cxd5 cxd5 28. Nd4 Re8 29. Rc1 Nxa2 30. Rc7 Nc5 31. Rxa7 Nc1 32. Nd2 Ne2+ 33. Nxe2 Rxe2 34. Nf3 Rb2 35. Nd4 Rd2 36. Nf5 Nxb3 37. Rb7 d4 38. Rxb6 Nc1 39. Rxf6 d3 40. Ng3 Ra2 41. Rd6 d2 42. Nf1 Nb3 43. Ne3 Ra4 44. Rd3 Rb4 45. g3 Nd4 46. Kf2 Kf7 47. Rxd2 1-0

[Event "Oslo Chess Festival 2017"]
[Site "Oslo"]
[Date "2017.10.05"]
[Round "8"]
[White "Stark, Lars"]
[Black "Sousa, Ludy Helsio Paulo"]
[Result "1-0"]
[ECO "A36"]
[WhiteElo "2397"]
[BlackElo "2171"]
[Annotator "NA"]
[PlyCount "65"]
[EventDate "2017.??.??"]
[EventType "swiss"]
[EventCountry "NOR"]
[SourceTitle "playchess.com"]
[Source "ChessBase"]
[SourceQuality "1"]
[TimeControl "5400+30"]

1. c4 c5 2. g3 g6 3. Bg2 Bg7 4. Nc3 Nc6 5. a3 e5 6. b4 cxb4 7. axb4 Nxb4 8. Ba3 Bf8 9. Qa4 Nc6 10. Nb5 d6 11. Bxc6+ bxc6 12. Nxd6+ Bxd6 13. Qxc6+ Bd7 14. Qxd6 Ne7 15. Qxe5 Rg8 16. Nf3 Rc8 17. Bxe7 Qxe7 18. Qxe7+ Kxe7 19. Rxa7 Ra8 20. Rxa8 Rxa8 21. O-O Ra2 22. Re1 Rc2 23. d3 f6 24. Nd4 Rd2 25. f4 Kd6 26. Kf2 Bg4 27. Ra1 Rb2 28. Ra6+ Kc5 29. Ke3 Rb7 30. Rc6+ Kb4 31. Rxf6 Re7+ 32. Kd2 Kc5 33. Kc3 1-0

[Event "Oslo Chess Festival 2017"]
[Site "Oslo"]
[Date "2017.10.05"]
[Round "8"]
[White "Efroimski, Marsel"]
[Black "Li, Xueyi"]
[Result "1-0"]
[ECO "B19"]
[WhiteElo "2331"]
[BlackElo "2157"]
[Annotator "NA"]
[PlyCount "155"]
[EventDate "2017.??.??"]
[EventType "swiss"]
[EventCountry "NOR"]
[SourceTitle "playchess.com"]
[Source "ChessBase"]
[SourceQuality "1"]
[TimeControl "5400+30"]

1. e4 c6 2. d4 d5 3. Nc3 dxe4 4. Nxe4 Bf5 5. Ng3 Bg6 6. h4 h6 7. Nf3 Nd7 8. h5 Bh7 9. Bd3 Bxd3 10. Qxd3 e6 11. Bd2 Ngf6 12. O-O-O Be7 13. Ne4 Nxe4 14. Qxe4 Nf6 15. Qe2 Qd5 16. Kb1 Qb5 17. Qxb5 cxb5 18. Ne5 Rd8 19. Be1 O-O 20. f3 Nd7 21. Ba5 Nb6 22. Bxb6 axb6 23. a3 b4 24. axb4 Bxb4 25. c3 Be7 26. Kc2 b5 27. b4 Rc8 28. Kb2 Rc7 29. Rd3 Rd8 30. Ra1 Bf6 31. f4 Rd5 32. Ra8+ Kh7 33. Rd1 Bxe5 34. fxe5 f6 35. Rf1 fxe5 36. Rff8 g5 37. Rh8+ Kg7 38. Rag8+ Kf7 39. Rg6 Rc6 40. Rh7+ Kf8 41. Rxb7 exd4 42. cxd4 Rcd6 43. Rxh6 Kg8 44. Rg6+ Kh8 45. h6 Rxd4 46. Rxb5 Rd2+ 47. Kb3 R6d3+ 48. Kc4 Rd4+ 49. Kc5 Rd5+ 50. Kb6 Rd6+ 51. Kb7 Rxg2 52. Rgxg5 Rxg5 53. Rxg5 Rd5 54. Rg4 e5 55. Rc4 Rd4 56. Rc8+ Kh7 57. b5 Kxh6 58. Re8 e4 59. Kc6 Kg6 60. Kc5 Kf7 61. Ra8 Rd1 62. b6 Rc1+ 63. Kd6 Rd1+ 64. Kc7 Rc1+ 65. Kb8 e3 66. Ra2 Rd1 67. Re2 Rd3 68. b7 Kf6 69. Rb2 Rd2 70. Rb6+ Kf5 71. Kc7 Rc2+ 72. Kd6 Rd2+ 73. Kc5 Rc2+ 74. Kd4 e2 75. b8=Q e1=Q 76. Qf8+ Kg4 77. Rg6+ Kh3 78. Qf5+ 1-0

[Event "Oslo Chess Festival 2017"]
[Site "Oslo"]
[Date "2017.10.05"]
[Round "8"]
[White "Dolzhykova, Kateryna"]
[Black "Markussen, Petter B"]
[Result "1/2-1/2"]
[ECO "B00"]
[WhiteElo "2270"]
[BlackElo "1756"]
[Annotator "NA"]
[PlyCount "90"]
[EventDate "2017.??.??"]
[EventType "swiss"]
[EventCountry "NOR"]
[SourceTitle "playchess.com"]
[Source "ChessBase"]
[SourceQuality "1"]
[TimeControl "5400+30"]

1. e4 b6 2. d4 Bb7 3. Nc3 e6 4. Be3 Bb4 5. f3 d5 6. Bd3 Bxc3+ 7. bxc3 dxe4 8. fxe4 Bxe4 9. Nf3 Bxd3 10. Qxd3 Nd7 11. O-O Ngf6 12. Bg5 h6 13. Bh4 O-O 14. Nd2 Qe8 15. c4 c5 16. d5 exd5 17. Rae1 Qc8 18. cxd5 Re8 19. Nc4 Qa6 20. d6 b5 21. Bxf6 bxc4 22. Rxe8+ Rxe8 23. Qg3 Nxf6 24. Rxf6 Kf8 25. Rf1 Qc6 26. Qg6 f6 27. Rd1 Rd8 28. Qg3 Rd7 29. Qf4 a5 30. h4 h5 31. Kh1 Rd8 32. Kh2 Rd7 33. g3 Rd8 34. Qd2 Rd7 35. Qd5 Qxd5 36. Rxd5 Kf7 37. Rxc5 Rxd6 38. Rxc4 Rd2+ 39. Kh3 Re2 40. Rc5 a4 41. Rc4 Ke6 42. a3 g5 43. hxg5 fxg5 44. c3 Kf5 45. Rc5+ Re5 1/2-1/2

[Event "Oslo Chess Festival 2017"]
[Site "Oslo"]
[Date "2017.10.05"]
[Round "8"]
[White "Lund, Gunnar"]
[Black "Bentsen, Hakon"]
[Result "0-1"]
[ECO "C83"]
[WhiteElo "2244"]
[BlackElo "2071"]
[Annotator "NA"]
[PlyCount "106"]
[EventDate "2017.??.??"]
[EventType "swiss"]
[EventCountry "NOR"]
[SourceTitle "playchess.com"]
[Source "ChessBase"]
[SourceQuality "1"]
[TimeControl "5400+30"]

1. e4 e5 2. Nf3 Nc6 3. Bb5 a6 4. Ba4 Nf6 5. O-O Nxe4 6. d4 b5 7. Bb3 d5 8. dxe5 Be6 9. Nbd2 Nc5 10. c3 Be7 11. Bc2 d4 12. h3 d3 13. Bb1 Bf5 14. Nb3 Nxb3 15. axb3 O-O 16. Re1 Qd5 17. b4 Rfd8 18. Ba2 Qd7 19. Be3 Be6 20. Bxe6 Qxe6 21. Bf4 Rd7 22. Qd2 h6 23. Re4 f5 24. Re3 g5 25. Bh2 g4 26. hxg4 fxg4 27. Nd4 Nxd4 28. cxd4 Rxd4 29. Rxd3 Bxb4 30. Qd1 Rxd3 31. Qxd3 Be7 32. Bf4 Kg7 33. Qe4 c6 34. Rc1 Rc8 35. Rc3 Qg6 36. Qe1 Bb4 37. e6 Bxc3 38. Qxc3+ Kh7 39. Qe5 c5 40. e7 c4 41. Be3 Re8 42. Bc5 a5 43. Bd4 b4 44. Qxa5 Rxe7 45. Qxb4 Rd7 46. Bc3 Rd1+ 47. Be1 Qe4 48. Kf1 Qd3+ 49. Kg1 Qe2 50. Qb7+ Kg6 51. Qc6+ Kf5 52. Qc8+ Qe6 53. Qc5+ Kg6 0-1

[Event "Oslo Chess Festival 2017"]
[Site "Oslo"]
[Date "2017.10.05"]
[Round "8"]
[White "Nielsen, Andre"]
[Black "Lindbol, Aleksander"]
[Result "1/2-1/2"]
[ECO "B12"]
[WhiteElo "2162"]
[BlackElo "2006"]
[Annotator "NA"]
[PlyCount "100"]
[EventDate "2017.??.??"]
[EventType "swiss"]
[EventCountry "NOR"]
[SourceTitle "playchess.com"]
[Source "ChessBase"]
[SourceQuality "1"]
[TimeControl "5400+30"]

1. e4 c6 2. d4 d5 3. e5 Bf5 4. h4 h5 5. c4 e6 6. Nc3 Nd7 7. cxd5 cxd5 8. Bd3 Bxd3 9. Qxd3 Ne7 10. Nf3 Nf5 11. Bg5 f6 12. exf6 gxf6 13. Bf4 Bd6 14. Bxd6 Nxd6 15. Qg6+ Ke7 16. O-O Qg8 17. Qd3 Qg4 18. Rfe1 Kf7 19. Qe2 Rhg8 20. g3 Rae8 21. Rac1 Rc8 22. Nh2 Qxe2 23. Rxe2 Nb5 24. Nf3 Nxc3 25. bxc3 Rc6 26. Re3 Rgc8 27. Ne1 Nb6 28. Nd3 Na4 29. Nf4 Nxc3 30. Rce1 Nxa2 31. Ra3 Rc1 32. Rxc1 Nxc1 33. Rxa7 Rc7 34. Ra8 Rd7 35. Rh8 e5 36. Rh7+ Ke8 37. Nxh5 Rxh7 38. Nxf6+ Ke7 39. Nxh7 Ne2+ 40. Kf1 Nxd4 41. Ng5 b5 42. h5 e4 43. Ke1 Kf6 44. h6 Kg6 45. h7 Kg7 46. Kd1 b4 47. Kc1 Nf3 48. Ne6+ Kxh7 49. Nf4 d4 50. Nd5 Ne5 1/2-1/2

[Event "Oslo Chess Festival 2017"]
[Site "Oslo"]
[Date "2017.10.05"]
[Round "8"]
[White "Lillevold, Frode"]
[Black "Lindblom, Roar"]
[Result "1-0"]
[ECO "D17"]
[WhiteElo "2128"]
[BlackElo "1940"]
[Annotator "NA"]
[PlyCount "81"]
[EventDate "2017.??.??"]
[EventType "swiss"]
[EventCountry "NOR"]
[SourceTitle "playchess.com"]
[Source "ChessBase"]
[SourceQuality "1"]
[TimeControl "5400+30"]

1. d4 d5 2. c4 c6 3. Nf3 Nf6 4. Nc3 dxc4 5. a4 Bf5 6. Ne5 Nbd7 7. Nxc4 Qc7 8. g3 e5 9. dxe5 Nxe5 10. Bf4 Nfd7 11. Bg2 g5 12. Ne3 gxf4 13. Nxf5 fxg3 14. hxg3 O-O-O 15. Qc2 Kb8 16. O-O-O Bb4 17. f4 Ng4 18. Rh4 Ngf6 19. e4 Nb6 20. Rxd8+ Qxd8 21. e5 Nfd5 22. Nxd5 cxd5 23. Rh6 Nc4 24. Bf1 Qa5 25. Bxc4 dxc4 26. Kb1 c3 27. Nd6 Bxd6 28. exd6 cxb2 29. Qc7+ Qxc7 30. dxc7+ Kxc7 31. g4 Kd7 32. Kxb2 Ke7 33. g5 Rg8 34. Rxh7 Rg6 35. Ka3 b6 36. Kb4 a6 37. Kc3 Ke6 38. Kd4 f6 39. Rb7 b5 40. Ke4 f5+ 41. Kd4 1-0

[Event "Oslo Chess Festival 2017"]
[Site "Oslo"]
[Date "2017.10.05"]
[Round "8"]
[White "Zhao, Shengxin"]
[Black "Al-Tarbosh, Ward"]
[Result "1-0"]
[ECO "D11"]
[WhiteElo "2113"]
[BlackElo "2270"]
[Annotator "NA"]
[PlyCount "151"]
[EventDate "2017.??.??"]
[EventType "swiss"]
[EventCountry "NOR"]
[SourceTitle "playchess.com"]
[Source "ChessBase"]
[SourceQuality "1"]
[TimeControl "5400+30"]

1. d4 d5 2. c4 c6 3. Nf3 Nf6 4. Qc2 g6 5. Bf4 Bg7 6. h3 O-O 7. e3 c5 8. dxc5 Qa5+ 9. Nbd2 Bf5 10. Bd3 Bxd3 11. Qxd3 Qxc5 12. O-O Nc6 13. Rac1 dxc4 14. Qxc4 Qd5 15. Rfd1 Rad8 16. Qxd5 Nxd5 17. Nc4 Ndb4 18. Rxd8 Rxd8 19. a3 Nd3 20. Rc2 b5 21. Ncd2 Nxf4 22. exf4 Nd4 23. Nxd4 Bxd4 24. Kf1 Bb6 25. Ke2 Rd6 26. Ne4 Rd4 27. Kf3 Rd3+ 28. Ke2 Rd4 29. Kf3 Rd1 30. Nc3 Rd3+ 31. Ke2 Rd4 32. Nxb5 Rxf4 33. f3 h5 34. Nc3 Rc4 35. Rd2 Ba5 36. Kd3 Bxc3 37. bxc3 Ra4 38. Ra2 Kf8 39. Kc2 Ra6 40. c4 Ke8 41. Kc3 Kd7 42. a4 Rd6 43. Rb2 Kc7 44. a5 Re6 45. Rd2 Re1 46. Kb4 Kc6 47. Rd8 Rb1+ 48. Kc3 Rb7 49. f4 e6 50. g4 h4 51. Rh8 Rb1 52. Rxh4 Rf1 53. Rh8 Rxf4 54. Kb4 Rd4 55. Rc8+ Kb7 56. Rf8 Rd7 57. h4 Kc6 58. h5 gxh5 59. gxh5 f5 60. Rc8+ Kd6 61. c5+ Kd5 62. c6 Rf7 63. Kb5 f4 64. Rd8+ Ke4 65. Rd7 Rf5+ 66. Ka6 Rxh5 67. c7 Rc5 68. Kb7 f3 69. c8=Q Rxc8 70. Kxc8 a6 71. Kb7 e5 72. Kxa6 Ke3 73. Kb5 e4 74. a6 f2 75. Rf7 Ke2 76. a7 1-0

[Event "Oslo Chess Festival 2017"]
[Site "Oslo"]
[Date "2017.10.05"]
[Round "8"]
[White "Rishovd, Svein"]
[Black "Haug, Johannes"]
[Result "0-1"]
[ECO "E11"]
[WhiteElo "2109"]
[BlackElo "2379"]
[Annotator "NA"]
[PlyCount "124"]
[EventDate "2017.??.??"]
[EventType "swiss"]
[EventCountry "NOR"]
[SourceTitle "playchess.com"]
[Source "ChessBase"]
[SourceQuality "1"]
[TimeControl "5400+30"]

1. d4 Nf6 2. c4 e6 3. Nf3 Bb4+ 4. Bd2 a5 5. g3 d5 6. Bg2 O-O 7. O-O Be7 8. Qc2 c6 9. b3 Nbd7 10. Bf4 Nh5 11. Bc1 f5 12. Ba3 Nhf6 13. Bxe7 Qxe7 14. Nbd2 Ne4 15. Ne5 Nxe5 16. dxe5 Nxd2 17. Qxd2 a4 18. b4 dxc4 19. Rfd1 Ra6 20. Qd6 Qxd6 21. Rxd6 Rb6 22. a3 Rb5 23. Rc1 Rxe5 24. e3 Kf7 25. Rxc4 Rd5 26. Rd4 Ke7 27. R6xd5 cxd5 28. Bf1 Bd7 29. b5 Ra8 30. Rb4 Kd6 31. f4 Kc5 32. Kf2 Kb6 33. Bd3 Ka5 34. Ke2 Rc8 35. Kd2 Rc5 36. b6 Bb5 37. Bc2 Rc4 38. Rxc4 Bxc4 39. Kc3 Bb3 40. Bd3 Kxb6 41. Kd4 Kc6 42. Ke5 Bc4 43. Bc2 b5 44. Kd4 Kd6 45. Kc3 Kc5 46. Bd1 b4+ 47. Kb2 b3 48. Kc3 Kd6 49. Bf3 e5 50. fxe5+ Kxe5 51. Bg2 g5 52. h4 gxh4 53. gxh4 h6 54. Bf3 f4 55. exf4+ Kxf4 56. Bd1 Ke3 57. h5 Bd3 58. Bg4 d4+ 59. Kb2 Bb5 60. Kc1 d3 61. Bd1 Bc6 62. Bg4 Bf3 0-1

[Event "Oslo Chess Festival 2017"]
[Site "Oslo"]
[Date "2017.10.05"]
[Round "8"]
[White "Bruaset, Eivind"]
[Black "Hobber, Anders"]
[Result "0-1"]
[ECO "C01"]
[WhiteElo "2012"]
[BlackElo "2264"]
[Annotator "NA"]
[PlyCount "138"]
[EventDate "2017.??.??"]
[EventType "swiss"]
[EventCountry "NOR"]
[SourceTitle "playchess.com"]
[Source "ChessBase"]
[SourceQuality "1"]
[TimeControl "5400+30"]

1. e4 e6 2. d4 d5 3. exd5 exd5 4. Nf3 Nf6 5. Bd3 c5 6. O-O c4 7. Re1+ Be7 8. Bf1 O-O 9. b3 cxb3 10. axb3 Nc6 11. c3 Bg4 12. Bd3 Re8 13. Bf4 Qb6 14. Nbd2 Bh5 15. Qc2 Rac8 16. Bf5 Bg6 17. Bxg6 hxg6 18. Qd3 Nd7 19. b4 a5 20. bxa5 Nxa5 21. Reb1 Qd8 22. Rb5 Nc4 23. Rxd5 Ncb6 24. Rb5 Nc5 25. Qc2 Nd5 26. Bg3 Ne6 27. c4 Ndf4 28. Nb3 Bf6 29. Re1 Qd7 30. Qd2 Rxc4 31. Rbe5 Bxe5 32. Nxe5 Rxd4 33. Nxd4 Qxd4 34. Qxd4 Nxd4 35. Bxf4 f6 36. Nd3 Rxe1+ 37. Nxe1 Ne2+ 38. Kf1 Nxf4 39. g3 Ne6 40. Ke2 Kf7 41. Kd3 g5 42. Kc4 g4 43. f3 gxf3 44. Nxf3 g5 45. g4 Kg6 46. Kb5 f5 47. gxf5+ Kxf5 48. Kb6 g4 49. Nh4+ Ke4 50. Kxb7 Nd4 51. Ng2 Nf3 52. Kc6 Nxh2 53. Kc5 g3 54. Kc4 Kf3 55. Ne1+ Kf2 56. Nd3+ Ke3 57. Ne1 Nf3 58. Ng2+ Kf2 59. Nf4 Ne5+ 60. Kd4 Ng4 61. Ke4 Nf6+ 62. Kf5 Kf3 63. Nd3 Nh5 64. Ne1+ Kf2 65. Nd3+ Ke2 66. Nc1+ Ke3 67. Nd3 Kxd3 68. Kg4 Ke3 69. Kh3 Kf3 {[%emt 0:00:24] Kg4+ [%emt 00:00:20]} 0-1

[Event "Oslo Chess Festival 2017"]
[Site "Oslo"]
[Date "2017.10.05"]
[Round "8"]
[White "Vitenberg, Noam Aviv"]
[Black "Myhrvold, Rune"]
[Result "1/2-1/2"]
[ECO "D07"]
[WhiteElo "1989"]
[BlackElo "2243"]
[Annotator "NA"]
[PlyCount "52"]
[EventDate "2017.??.??"]
[EventType "swiss"]
[EventCountry "NOR"]
[SourceTitle "playchess.com"]
[Source "ChessBase"]
[SourceQuality "1"]
[TimeControl "5400+30"]

1. d4 d5 2. c4 Nc6 3. Nc3 Nf6 4. Nf3 dxc4 5. e3 Bg4 6. Bxc4 e6 7. b3 Bd6 8. Bb2 O-O 9. Rc1 Qe7 10. O-O Rad8 11. h3 Bh5 12. Be2 Kh8 13. Nb5 Ne4 14. Nxd6 Qxd6 15. Nd2 Nxd2 16. Qxd2 Bxe2 17. Qxe2 a6 18. Qg4 f5 19. Qe2 Rf7 20. Qc4 Rfd7 21. f3 Qe7 22. e4 Nxd4 23. Bxd4 Rxd4 24. Qxc7 Qg5 25. f4 Qg3 26. Rc3 Qg6 1/2-1/2

[Event "Oslo Chess Festival 2017"]
[Site "Oslo"]
[Date "2017.10.05"]
[Round "8"]
[White "Huse, Sigurd Kjelsbol"]
[Black "Kyrkjebo, Erlend"]
[Result "1-0"]
[ECO "B30"]
[WhiteElo "1888"]
[BlackElo "2122"]
[Annotator "NA"]
[PlyCount "99"]
[EventDate "2017.??.??"]
[EventType "swiss"]
[EventCountry "NOR"]
[SourceTitle "playchess.com"]
[Source "ChessBase"]
[SourceQuality "1"]
[TimeControl "5400+30"]

1. e4 c5 2. Nf3 Nc6 3. Bb5 Qb6 4. Nc3 e6 5. Bxc6 bxc6 6. O-O Ba6 7. Re1 d6 8. d3 e5 9. Nd2 g5 10. Nf1 h6 11. Ng3 Ne7 12. Nh5 O-O-O 13. Rb1 Bb7 14. a3 d5 15. exd5 cxd5 16. b4 Ng6 17. Bd2 d4 18. bxc5 Qc6 19. Qg4+ Kb8 20. Ne4 Nh4 21. Bxg5 f5 22. Qxh4 hxg5 23. Qxg5 Bxc5 24. Qxf5 Bb6 25. Rec1 Qh6 26. Nef6 Ka8 27. Qxe5 Rc8 28. h3 Rc5 29. Qe7 Rxh5 30. Nxh5 Qxh5 31. Qe6 Qg5 32. Qg4 Qd8 33. Qe2 Bc7 34. Re1 Qd6 35. g3 Bc6 36. Qe6 Qxe6 37. Rxe6 Bd5 38. Ree1 a5 39. h4 Bf3 40. Rb5 Bd8 41. Rf5 Bb7 42. f3 Rg8 43. Kf2 Bb6 44. g4 Rc8 45. Re2 Kb8 46. h5 a4 47. h6 Bc5 48. h7 Rh8 49. Rxc5 Rxh7 50. Kg3 1-0